 Dungeon Crawl Stone Soup version 0.24-a0-160-gfa3a8d6 (webtiles) character file.

Game seed: 10766840791555535912

449 tilp the Cleaver (level 7, 0/53 HPs)
             Began as a Hill Orc Monk on Mar 5, 2019.
             Was a Believer of Hepliaklqana.
             Slain by an ogre
             ... wielding a +0 giant club
              (13 damage)
             ... on level 4 of the Dungeon.
             The game lasted 00:09:20 (4344 turns).

tilp the Cleaver (Hill Orc Monk)                    Turns: 4344, Time: 00:09:20

Health: 0/53       AC:  9    Str: 16    XL:     7   Next: 4%
Magic:  7/7        EV:  7    Int: 10    God:    Hepliaklqana [**....]
Gold:   165        SH:  0    Dex: 13    Spells: 6/6 levels left

rFire    . . .     SeeInvis .   a - +0 hand axe
rCold    . . .     Gourm    .   (no shield)
rNeg     . . .     Faith    .   q - +0 chain mail
rPois    .         Spirit   .   (no helmet)
rElec    .         Reflect  .   (no cloak)
rCorr    .         Harm     .   (no gloves)
MR       .....                  u - +0 pair of boots
Stlth    ..........             (no amulet)
HPRegen  0.17/turn              (no ring)
MPRegen  0.10/turn              (no ring)

@: no status effects
A: reduced essence
a: Recall Ancestor, Ancestor Identity, Renounce Religion


You were on level 4 of the Dungeon.
You worshipped Hepliaklqana.
Hepliaklqana was pleased with you.
You were not hungry.

You visited 1 branch of the dungeon, and saw 4 of its levels.

You collected 165 gold pieces.

Inventory:

Hand Weapons
 a - a +0 hand axe (weapon)
 m - a cursed +0 long sword
 s - a +0 hunting sling
Missiles
 e - 174 stones (quivered)
 A - 18 sling bullets
Armour
 q - a +0 chain mail (worn)
 u - a +0 pair of boots (worn)
 w - a +0 buckler
Jewellery
 x - an uncursed ring of see invisible {unknown}
 C - a cursed ring of teleportation {unknown}
Wands
 r - a wand of iceblast (6)
 z - a wand of flame (13)
Scrolls
 d - a scroll of magic mapping {unknown}
 g - 3 scrolls of fear {unknown}
 h - 5 scrolls of identify {unknown}
 i - 4 scrolls of teleportation {unknown}
 l - 2 scrolls of enchant weapon {unknown}
 o - 2 scrolls of remove curse
 p - a scroll of noise {unknown}
 t - a scroll of immolation {unknown}
 y - 2 scrolls of amnesia {unknown}
 B - a scroll of random uselessness {unknown}
Potions
 f - a potion of haste {unknown}
 j - a potion of heal wounds {unknown}
 k - a potion of degeneration {unknown}
 n - a potion of ambrosia {unknown}
 v - a potion of curing {unknown}
 D - a potion of mutation {unknown}
Comestibles
 b - 4 chunks of flesh
 c - 9 rations


   Skills:
 - Level 4.1 Fighting
 + Level 9.8 Axes
 - Level 2.4 Dodging
 - Level 1.5 Stealth


You had 6 spell levels left.
You didn't know any spells.
Your spell library was empty.

Dungeon Overview and Level Annotations

Branches:
Dungeon (4/15)
 Temple: D:4-7

Altars:
Fedhas
Hepliaklqana


Message History

You swap places.
You see here a hound skeleton.
An ogre comes into view. It is wielding a +0 giant club.
You hit the ogre.
The ogre is lightly wounded.
The ogre hits you with a +0 giant club!
You are too injured to fight recklessly!
You are too injured to fight recklessly!
You are too injured to fight recklessly!
You slash the ogre!
The ogre is moderately wounded.
The ogre hits you with a +0 giant club!!
* * * LOW HITPOINT WARNING * * *
You slash the ogre!
The ogre is severely wounded.
You hit the ogre.
The ogre is severely wounded. Æðelind casts a spell at the ogre.
The ogre appears confused.
The ogre hits you with a +0 giant club!
You die...

##..## ##
###.####.
##..##. ##
##.... ##.##
##... ....
##.. .#
###..# #..
...#####.RO#
##.
#......%.@#
## ##......#
# ####..##
..# ##..#
..# ##..##
..##
###....###
#..#
##........#
#..##
#.........#
#..##
#..........#
###...#


You could see the friendly Æðelind the hexer and an ogre (confused).

Vanquished Creatures
  2 hounds (D:4)
  2 orc wizards (D:4)
  2 worker ants (D:4)
  A hound skeleton (D:4)
  4 gnolls
  5 adders
  2 oozes (D:1)
  An adder zombie (D:4)
  A dart slug (D:2)
  7 orcs
  A ball python (D:3)
  12 bats
  6 giant cockroaches
  5 hobgoblins
  7 jackals
  6 kobolds
  A quokka (D:2)
  6 frilled lizards
  2 goblins
  7 rats
80 creatures vanquished.

Vanquished Creatures (collateral kills)
  2 orc wizards (D:4)
  3 gnolls (D:3)
  A worm (D:3)
  2 orcs
  2 goblins (D:3)
  3 jackals (D:3)
  A bat (D:3)
14 creatures vanquished.

Grand Total: 94 creatures vanquished

Notes
Turn   | Place    | Note
-------+----------+-------------------------------------------
     0 | D:1      | tilp the Hill Orc Monk began the quest for the Orb.
     0 | D:1      | Reached XP level 1. HP: 19/19 MP: 1/1
   150 | D:1      | HP: 1/20 [ooze (3)]
   152 | D:1      | Reached XP level 2. HP: 1/27 MP: 2/2
   860 | D:1      | Reached skill level 5 in Axes
   860 | D:1      | Reached XP level 3. HP: 33/33 MP: 3/3
  1214 | D:2      | Reached skill level 6 in Axes
  1214 | D:2      | Reached XP level 4. HP: 19/40 MP: 4/4
  1593 | D:2      | Found a hazy altar of Hepliaklqana.
  1727 | D:2      | Became a worshipper of Hepliaklqana the Forgotten
  1727 | D:2      | Reached * piety under Hepliaklqana
  1727 | D:2      | Reached ** piety under Hepliaklqana
  1757 | D:2      | Remembered your ancestor Æðelind as a hexer
  2338 | D:3      | Reached skill level 7 in Axes
  2338 | D:3      | Reached XP level 5. HP: 37/41 MP: 5/5
  3078 | D:3      | Found a blossoming altar of Fedhas.
  3367 | D:4      | Reached skill level 8 in Axes
  3367 | D:4      | Reached XP level 6. HP: 46/46 MP: 6/6
  3811 | D:4      | Reached skill level 9 in Axes
  4285 | D:4      | Reached XP level 7. HP: 52/53 MP: 7/7
  4344 | D:4      | Slain by an ogre

Levels and vault maps discovered:
D:1:      evilmike_arrival_plus, layout_loops_ring
D:2:      layout_basic, old_standard_altar
D:3:      layout_loops_corners, fedhas_altar_4
D:4:      layout_layer_cave, first_ration

Skill      XL: |  1  2  3  4  5  6 |
---------------+-------------------+-----
Fighting       | 4 |  4.1
Axes           | 5 6 7 8 9 |  9.8
Dodging        | |  2.4
Stealth        | |  1.5

Action                   |  1- 3 |  4- 6 |  7- 9 || total
-------------------------+-------+-------+-------++-------
Melee: Hand axe          |   108 |   242 |     4 ||   354
Invok: Ancestor Life: He |       |     1 |       ||     1
  Use: Scroll            |     2 |     1 |       ||     3
 Stab: Distracted        |     1 |       |       ||     1
       Confused          |       |     7 |       ||     7
  Eat: Chunk             |     1 |    10 |       ||    11
Armor: Robe              |    10 |       |       ||    10
       Ring mail         |    20 |    31 |       ||    51
       Chain mail        |       |    75 |       ||    75
Dodge: Dodged            |    86 |   111 |       ||   197

Table legend:
 A = Non-vault XP
 B = Vault XP
 C = Vault XP percentage of total XP
 D = Non-vault monster count
 E = Vault monster count
 F = Vault count percentage of total count
                 A         B        C        D         E       F
            +---------+---------+-------+---------+---------+-------
      Total |     642 |       0 |   0.0 |      94 |       0 |   0.0
            +---------+---------+-------+---------+---------+-------
        D:1 |      53 |       0 |   0.0 |      26 |       0 |   0.0
        D:2 |     109 |       0 |   0.0 |      22 |       0 |   0.0
        D:3 |     110 |       0 |   0.0 |      26 |       0 |   0.0
        D:4 |     370 |       0 |   0.0 |      20 |       0 |   0.0
            +---------+---------+-------+---------+---------+-------
